 Dungeon Crawl Stone Soup version 0.26.1-2-gb8aa6d0cf2 (webtiles) character file.

Game seed: 1601973566131281338

179000 Ladykiller69 the Executioner (level 18, -6/170 HPs)
             Began as a Hill Orc Gladiator on Mar 19, 2021.
             Was a High Priest of Wu Jian.
             Splashed by a goliath frog's acid (10 damage)
             ... on level 1 of the Swamp on Mar 20, 2021.
             The game lasted 02:30:29 (35772 turns).

Ladykiller69 the Executioner (Hill Orc Gladiator)  Turns: 35772, Time: 02:30:32

Health: -6/170     AC: 17    Str: 25    XL:     18   Next: 22%
Magic:  18/18      EV: 17    Int:  6    God:    Wu Jian [*****.]
Gold:   2664       SH:  0    Dex: 13    Spells: 17/17 levels left

rFire    + . .     SeeInvis .   V - +1 hand axe (flame)
rCold    + + +     Faith    .   (no shield)
rNeg     . . .     Spirit   .   l - quicksilver dragon scales
rPois    +         Reflect  .   c - +0 helmet
rElec    .         Harm     .   a - scarf {rC+ rF+}
rCorr    .         Rampage  .   m - +2 pair of gloves "Kiviof" {Dex+3}
Will     +++..                  z - +0 pair of boots {Fly}
Stlth    +.........             F - amulet "Buschac" {rPois rC++ Regen+ Int-2 Dex-2}
HPRegen  0.78/turn              t - ring of willpower
MPRegen  0.16/turn              (no ring)

@: corroded, flying
A: no striking features
a: Stop Flying, Renounce Religion, Wall Jump, Serpent's Lash, Heavenly Storm


You were on level 1 of the Swamp.
You worshipped Wu Jian.
Wu Jian was extremely pleased with you.
You visited 6 branches of the dungeon, and saw 28 of its levels.
You also visited: Gauntlet and Volcano.

You collected 3466 gold pieces.
You spent 802 gold pieces at shops.

Inventory:

Hand Weapons
 v - a +5 spectral executioner's axe
 L - a +3 vampiric battleaxe
 V - a +1 hand axe of flaming (weapon)
Missiles
 d - 4 throwing nets
 k - 27 javelins (quivered)
Armour
 a - a scarf of resistance (worn)
 c - a +0 helmet (worn)
 l - quicksilver dragon scales (worn)
 m - the +2 pair of gloves "Kiviof" (worn) {Dex+3}
   (You bought it in a shop on level 2 of the Orcish Mines)

   It affects your dexterity (+3).
 z - a +0 pair of boots of flying (worn)
 W - a +2 cloak of preservation
Jewellery
 o - an uncursed ring of poison resistance
 t - a ring of willpower (left hand)
 w - an uncursed ring of positive energy
 D - a +4 ring of evasion
 F - the amulet "Buschac" (around neck) {rPois rC++ Regen+ Int-2 Dex-2}
   (You found it on level 6 of the Lair of Beasts)

   [amulet of regeneration]

   It affects your intelligence (-2).
   It affects your dexterity (-2).
   It greatly protects you from cold.
   It protects you from poison.
   It increases your rate of regeneration.
 J - an uncursed ring of protection from fire
 K - an uncursed ring of protection from fire
 S - an uncursed ring of protection from cold
 U - an uncursed ring of teleportation
 Y - an uncursed amulet of the acrobat {unknown}
Wands
 b - a wand of digging (9)
 O - a wand of acid (34)
Scrolls
 f - 5 scrolls of teleportation
 g - 8 scrolls of remove curse
 j - 8 scrolls of immolation
 n - 3 scrolls of amnesia
 s - 2 scrolls of enchant armour
 y - 2 scrolls of blinking
 G - 2 scrolls of summoning
 H - 5 scrolls of fog
 N - a scroll of holy word
 Q - a scroll of magic mapping
 R - 2 scrolls of acquirement
Potions
 e - 2 potions of magic
 h - 4 potions of flight
 i - 6 potions of cancellation
 p - 2 potions of might
 q - 4 potions of haste
 r - 5 potions of brilliance
 u - 3 potions of heal wounds
 x - 12 potions of curing
 A - a potion of berserk rage
 B - 7 potions of attraction
 C - 6 potions of ambrosia
 P - a potion of resistance
 T - 2 potions of mutation
 Z - a potion of invisibility
Miscellaneous
 I - a tin of tremorstones (2/2)
 M - a tin of tremorstones (2/2)


   Skills:
 + Level 17.4 Fighting
 + Level 24.7 Axes
 + Level 5.3 Throwing
 + Level 13.4 Armour
 + Level 10.9 Dodging
 + Level 5.6 Evocations


You had 17 spell levels left.
You didn't know any spells.
Your spell library contained the following spells:

 Spells                   Type           Power        Failure   Level
 Animate Skeleton         Necr           0%           56%         1
 Apportation              Tloc           0%           56%         1
 Corona                   Hex            0%           56%         1
 Freeze                   Ice            0%           56%         1
 Magic Dart               Conj           0%           56%         1
 Summon Small Mammal      Summ           0%           56%         1
 Blink                    Tloc           N/A          71%         2
 Call Imp                 Summ           0%           71%         2
 Corpse Rot               Necr/Air       N/A          71%         2
 Slow                     Hex            0%           71%         2
 Sublimation of Blood     Necr           0%           71%         2
 Conjure Flame            Conj/Fire      0%           90%         3
 Frozen Ramparts          Ice            0%           90%         3
 Lesser Beckoning         Tloc           0%           90%         3
 Mephitic Cloud           Conj/Pois/Air  0%           90%         3
 Ozocubu's Armour         Ice            0%           90%         3
 Tukima's Dance           Hex            0%           90%         3
 Cause Fear               Hex            0%           100%        4
 Dispel Undead            Necr           0%           100%        4
 Hailstorm                Conj/Ice       0%           100%        4
 Summon Ice Beast         Ice/Summ       0%           100%        4
 Summon Lightning Spire   Summ/Air       0%           100%        4
 Agony                    Necr           0%           100%        5
 Alistair's Intoxication  Tmut/Pois      0%           100%        5
 Excruciating Wounds      Necr           0%           100%        5
 Silence                  Hex/Air        0%           100%        5
 Yara's Violent Unravell  Hex/Tmut       0%           100%        5
 Invisibility             Hex            0%           100%        6
 Discord                  Hex            0%           100%        8


Dungeon Overview and Level Annotations

Branches:
Dungeon (15/15)            Temple (1/1) D:5            Lair (6/6) D:11
  Swamp (1/4) Lair:2       Spider (0/4) Lair:2        Slime (0/5) Lair:5
    Orc (2/2) D:12            Elf (3/3) Orc:2        Vaults (0/5) D:13
 Depths (0/5) D:15        Volcano (visited)         Gauntlet (visited)

Altars:
Ashenzari
Cheibriados
Dithmenos
Elyvilon
Fedhas
Gozag
Hepliaklqana
Kikubaaqudgha
Makhleb
Nemelex Xobeh
Okawaru
Qazlal
Ru
Sif Muna
Trog
Uskayaw
Vehumet
Wu Jian
Xom
Yredelemnul
Zin
The Shining One
Jiyva

Shops:
Orc:1 ?   Orc:2 }*(([   Elf:1 (   Elf:3 [

Annotations:
D:6 2 transporters
Lair:2 exclusions: oklob plant, orb spider and 1 more exclusion
Lair:6 exclusion: oklob plant
Elf:2 exclusion: 3 downstairs
Elf:3 1 exclusion


Message History

The bunyip is almost dead.
You hack one of the five-headed hydra's heads off!
The flame cauterises the wound!
You slash the four-headed hydra! You burn the four-headed hydra.
The bunyip claws you!! x2
* * * LOW HITPOINT WARNING * * *
The bunyip claws you!!
* * * LOW HITPOINT WARNING * * *
The four-headed hydra barely misses you.
The four-headed hydra bites you!
* * * LOW HITPOINT WARNING * * *
The four-headed hydra bites you but does no damage. x2
The alligator puts on a burst of speed!
The goliath frog barely misses you.
As you read the scroll of fear, it crumbles to dust.
You assume a fearsome visage.
The alligator looks frightened!
The four-headed hydra looks frightened!
The bunyip looks frightened!
The goliath frog easily resists.
The bunyip looks frightened!
The goliath frog hits you from afar.
* * * LOW HITPOINT WARNING * * *
You are splashed with acid!
You die...

.≈.... ..#...
.).... ♣≈.#.#.
.≈≈≈..♣ .≈.....
(.≈≈..≈♣♣.≈.#)#.
$........≈......
♣......♣..≈♣t..t
♣..≈≈≈......♣
♣♣..≈≈§DxF.♣♣
♣≈≈....@≈x§♣
♣♣♣♣..♣....♣♣♣
♣.≈♣♣.<.≈.♣ ♣♣
♣...≈≈≈♣
♣♣.≈..≈♣ ♣≈≈≈♣♣♣
♣♣♣♣♣


You could see 2 bunyips, an alligator (swift, fleeing), a four-headed hydra
(fleeing) and a goliath frog.

Vanquished Creatures
  A hellephant (D:14)
  Rupert (D:15)
  3 deep elf blademasters (Elf:2)
  A deep elf master archer (Elf:2)
  A shadow dragon (Elf:1)
  Donald (Orc:2)
  An iron dragon (Elf:1)
  A deep elf sorcerer (Elf:3)
  2 deep elf elementalists
  An ironheart preserver (D:13)
  A stone giant (Volcano)
  6 deep elf demonologists
  A minotaur (Gauntlet)
  2 deep elf annihilators (Elf:2)
  2 deep elf death magi (Elf:1)
  2 fire dragons (Elf:1)
  5 deep elf high priests
  A rakshasa (D:14)
  A great orb of eyes (Gauntlet)
  5 hydras
  3 boulder beetles
  A catoblepas (shapeshifter) (D:15)
  3 centaur warriors
  A catoblepas (Lair:2)
  14 two-headed ogres
  23 dancing weapons
  4 ogre magi (Orc:2)
  3 hell hogs (D:14)
  3 death yaks (D:11)
  2 orc high priests
  21 deep elf knights
  4 skeletal warriors (D:13)
  An unseen horror (D:12)
  A glowing orange brain (D:15)
  A wolf spider zombie (D:14)
  14 deep elf archers
  5 orc knights
  3 orc sorcerers
  4 manticores
  45 deep elf magi
  15 ugly things
  5 cyclopes
  4 elephants (Lair:5)
  3 black mambas
  2 gargoyles (Volcano)
  25 cane toads
  Psyche (D:11)
  10 komodo dragons
  An efreet (Volcano)
  A rime drake (Lair:6)
  A queen bee (D:14)
  6 trolls
  Grinder (D:3)
  3 polar bears
  6 meliai
  4 tyrant leeches (Lair:6)
  11 slime creatures (D:15)
  A meliai zombie (D:13)
  A centaur simulacrum (D:14)
  23 blink frogs
  2 vampires
  3 air elementals
  A spriggan (shapeshifter) (D:15)
  A shadow (D:10)
  52 yaks
  5 water elementals
  6 fire elementals
  3 wyverns
  A wyvern (shapeshifter) (D:15)
  A yak (shapeshifter) (D:13)
  2 basilisks
  Grum (D:8)
  A steam dragon (Gauntlet)
  10 vampire mosquitoes
  Menkaure (D:4)
  An acid dragon (D:15)
  3 wargs
  A soldier ant (D:14)
  9 water moccasins
  12 hell hounds (D:14)
  2 ice beasts
  24 orc warriors
  6 sky beasts
  7 phantoms
  3 eyes of draining
  20 centaurs
  2 black bears
  33 wolves
  29 ogres
  5 big kobolds
  3 earth elementals (Volcano)
  29 bullfrogs
  A wyvern zombie (D:10)
  A scorpion (D:7)
  26 killer bees
  8 wights
  5 electric eels
  3 howler monkeys
  6 centaur zombies
  5 jellies
  A bullfrog zombie (D:12)
  6 hounds
  Crazy Yiuf (D:3)
  13 orc priests
  5 bullfrog skeletons
  Jessica (D:2)
  4 centaur skeletons
  Terence (D:2)
  2 iguanas
  7 worker ants
  Natasha (twice) (D:3)
  27 orc wizards
  A killer bee zombie (D:9)
  A hound skeleton (D:8)
  Robin (D:3)
  11 gnolls
  13 adders
  A shadow imp (D:5)
  7 white imps
  2 ufetubi
  3 oozes
  An adder skeleton (D:5)
  A dart slug (D:1)
  2 worms (D:2)
  9 leopard geckos
  98 orcs
  2 giant cockroaches
  25 goblins
  11 hobgoblins
  2 jackals (D:11)
  6 quokkas
  5 ball pythons
  15 bats
  7 frilled lizards
  25 kobolds
  A quokka skeleton (D:5)
  16 rats
989 creatures vanquished.

Vanquished Creatures (others)
  A deep elf archer (Elf:3)
  A deep elf mage (Elf:1)
  A raiju (Gauntlet)
  An orc (Elf:1)
  37 fungi
  68 plants
  5 withered plants
114 creatures vanquished.

Grand Total: 1103 creatures vanquished

Notes
Turn   | Place    | Note
-------+----------+-------------------------------------------
     0 | D:1      | Ladykiller69 the Hill Orc Gladiator began the quest for the
                  | Orb.
     0 | D:1      | Reached XP level 1. HP: 18/18 MP: 1/1
    38 | D:1      | Reached XP level 2. HP: 21/25 MP: 2/2
   298 | D:1      | Reached XP level 3. HP: 23/30 MP: 3/3
   947 | D:2      | Noticed Jessica
   954 | D:2      | Killed Jessica
   955 | D:2      | Reached skill level 5 in Axes
   955 | D:2      | Reached XP level 4. HP: 22/38 MP: 4/4
  1354 | D:2      | Noticed Terence
  1373 | D:2      | Killed Terence
  1374 | D:2      | Reached XP level 5. HP: 29/45 MP: 5/5
  1687 | D:2      | Reached skill level 6 in Axes
  1877 | D:2      | Found a hazy altar of Hepliaklqana.
  1922 | D:2      | Found a faded altar of an unknown god.
  2133 | D:3      | Noticed Grinder
  2157 | D:3      | Killed Grinder
  2158 | D:3      | Reached skill level 7 in Axes
  2158 | D:3      | Reached XP level 6. HP: 38/53 MP: 6/6
  2329 | D:3      | Noticed Robin
  2340 | D:3      | Killed Robin
  2416 | D:3      | Found a runed translucent door.
  2417 | D:3      | Noticed Crazy Yiuf
  2625 | D:3      | Reached XP level 7. HP: 60/60 MP: 7/7
  2862 | D:3      | Noticed Natasha
  2868 | D:3      | Killed Natasha
  3152 | D:3      | Noticed Natasha
  3156 | D:3      | Killed Natasha
  3157 | D:3      | Reached skill level 5 in Fighting
  3309 | D:3      | Killed Crazy Yiuf
  3310 | D:3      | Reached skill level 8 in Axes
  3474 | D:4      | Found a basalt altar of Yredelemnul.
  3656 | D:4      | Reached skill level 9 in Axes
  3874 | D:4      | Noticed Menkaure
  4121 | D:4      | Killed Menkaure
  4122 | D:4      | Reached XP level 8. HP: 29/70 MP: 8/8
  4388 | D:4      | Reached skill level 10 in Axes
  4615 | D:4      | Found an ornate altar of the Wu Jian Council.
  4620 | D:4      | Noticed a spectral centipede
  4620 | D:4      | Noticed a spectral black mamba
  4621 | D:4      | Became a worshipper of the Wu Jian Council
  5065 | D:5      | Entered Level 5 of the Dungeon
  5074 | D:5      | Found a shimmering altar of Xom.
  5099 | D:5      | Found a shadowy altar of Dithmenos.
  5173 | D:5      | Reached skill level 11 in Axes
  5352 | D:5      | Found a staircase to the Ecumenical Temple.
  5374 | D:5      | Found an opulent altar of Gozag.
  5562 | D:5      | Found a glowing golden altar of the Shining One.
  5647 | D:5      | Found a glowing silver altar of Zin.
  5737 | D:5      | Found a burning altar of Makhleb.
  5737 | D:5      | Found a white marble altar of Elyvilon.
  5739 | D:5      | Found an ancient bone altar of Kikubaaqudgha.
  5739 | D:5      | Found a white marble altar of Elyvilon.
  5739 | D:5      | Found a radiant altar of Vehumet.
  5771 | Temple   | Entered the Ecumenical Temple
  5994 | D:6      | Reached XP level 9. HP: 79/79 MP: 9/9
  6022 | D:6      | Found a blossoming altar of Fedhas.
  6026 | D:6      | Found a transporter.
  6142 | D:6      | Reached * piety under Wu Jian
  6193 | D:6      | Found a transporter.
  6372 | D:6      | Reached skill level 12 in Axes
  6723 | D:7      | Got a fine hat
  6734 | D:7      | Identified the +0 hat of Moral Flaws {Int+4} (You found it
                  | on level 7 of the Dungeon)
  7072 | D:7      | Found a radiant altar of Vehumet.
  7244 | D:7      | Reached skill level 13 in Axes
  7329 | D:7      | Reached ** piety under Wu Jian
  7724 | D:8      | Noticed Grum
  7728 | D:8      | Killed Grum
  7733 | D:7      | Reached XP level 10. HP: 59/91 MP: 10/10
  7734 | D:7      | Reached skill level 14 in Axes
  8284 | D:8      | Noticed a cyclops
  8659 | D:8      | Killed a cyclops
  8660 | D:8      | Reached skill level 10 in Fighting
  8866 | D:9      | Reached skill level 15 in Axes
  8912 | D:9      | Found a radiant altar of Vehumet.
  9178 | D:9      | Found a broken altar of Ashenzari.
  9360 | D:9      | Reached *** piety under Wu Jian
  9827 | D:10     | Entered Level 10 of the Dungeon
  9906 | D:10     | Reached skill level 16 in Axes
 10095 | D:10     | Reached XP level 11. HP: 102/102 MP: 11/11
 11481 | D:11     | Noticed a two-headed ogre
 11489 | D:11     | Killed a two-headed ogre
 11672 | D:11     | Reached skill level 17 in Axes
 11681 | D:11     | Reached **** piety under Wu Jian
 11838 | D:11     | Noticed Psyche
 11850 | D:11     | Killed Psyche
 11915 | D:11     | Noticed a death yak
 11915 | D:11     | Noticed a death yak
 11952 | D:11     | Noticed a manticore
 11963 | D:11     | Killed a manticore
 12206 | D:11     | Noticed a cyclops
 12505 | D:11     | Killed a cyclops
 12646 | D:11     | Found a staircase to the Lair.
 12693 | D:12     | Noticed a deep elf mage
 12714 | Lair:1   | Entered Level 1 of the Lair of Beasts
 13067 | Lair:1   | Reached XP level 12. HP: 112/112 MP: 12/12
 13107 | Lair:1   | Reached skill level 5 in Armour
 13326 | Lair:1   | Found a dark tunnel.
 13332 | Volcano  | Entered a volcano
 13648 | Volcano  | Noticed a stone giant
 13659 | Volcano  | Killed a stone giant
 13660 | Volcano  | Reached skill level 18 in Axes
 14239 | Lair:1   | Noticed a six-headed hydra
 14252 | Lair:1   | Killed a six-headed hydra
 14252 | Lair:1   | Reached ***** piety under Wu Jian
 14253 | Lair:1   | Reached skill level 5 in Dodging
 14892 | Lair:2   | Found a hole to the Spider Nest.
 14985 | Lair:2   | Noticed a catoblepas
 15011 | Lair:2   | Killed a catoblepas
 15210 | Lair:2   | Found a stormy altar of Qazlal.
 15475 | Lair:2   | Noticed a four-headed hydra
 15483 | Lair:2   | Killed a four-headed hydra
 15488 | Lair:2   | Noticed an eight-headed hydra
 15498 | Lair:2   | Killed an eight-headed hydra
 15679 | Lair:2   | Found a staircase to the Swamp.
 16305 | Swamp:1  | Entered Level 1 of the Swamp
 16488 | Lair:3   | Reached skill level 19 in Axes
 16614 | Lair:3   | Found a burning altar of Makhleb.
 16822 | Lair:3   | Reached XP level 13. HP: 115/122 MP: 13/13
 19788 | Lair:5   | Found a viscous altar of Jiyva.
 19788 | Lair:5   | Found a staircase to the Slime Pits.
 20075 | Lair:6   | Entered Level 6 of the Lair of Beasts
 20121 | Lair:6   | Reached skill level 20 in Axes
 20333 | Lair:6   | Found a gate leading to a gauntlet.
 20343 | Gauntlet | Entered a Gauntlet
 20343 | Gauntlet | Found a transporter.
 20343 | Gauntlet | Found a transporter.
 20503 | Gauntlet | Found a transporter.
 20505 | Gauntlet | Found a transporter.
 20509 | Gauntlet | Noticed a reaper
 20515 | Gauntlet | Found a transporter.
 20519 | Gauntlet | Found a transporter.
 20529 | Gauntlet | Found a transporter.
 20541 | Gauntlet | Noticed a great orb of eyes
 20550 | Gauntlet | Found a transporter.
 20569 | Gauntlet | Found a transporter.
 20571 | Gauntlet | Found a transporter.
 20581 | Gauntlet | Found a transporter.
 20585 | Gauntlet | Found a transporter.
 21145 | Gauntlet | Killed a great orb of eyes
 21499 | Gauntlet | Identified the amulet of Rynlent {Acrobat rF+ MP+9 Stlth+}
 21499 | Gauntlet | Noticed a minotaur
 21523 | Gauntlet | Killed a minotaur
 21862 | Lair:6   | Reached XP level 14. HP: 132/132 MP: 14/14
 21896 | Lair:6   | Reached ****** piety under Wu Jian
 22097 | Lair:6   | Got a heavily runed jade amulet
 22108 | Lair:6   | Identified the amulet "Buschac" {rPois rC++ Regen+ Int-2
                  | Dex-2} (You found it on level 6 of the Lair of Beasts)
 23170 | D:11     | Reached skill level 21 in Axes
 24057 | D:12     | Found a staircase to the Orcish Mines.
 24572 | D:13     | Reached skill level 10 in Armour
 24855 | D:13     | Reached skill level 15 in Fighting
 25101 | D:13     | Found a gate to the Vaults.
 25101 | D:13     | Noticed an ironheart preserver
 25112 | D:13     | Killed an ironheart preserver
 25113 | D:13     | Reached XP level 15. HP: 135/141 MP: 15/15
 25531 | D:14     | Identified 2 scrolls of acquirement
 25771 | D:14     | Found a huge runed gate.
 25772 | D:14     | Found a huge runed gate.
 25777 | D:14     | Found a huge runed gate.
 25778 | D:14     | Found a huge runed gate.
 25778 | D:14     | Found a huge runed gate.
 25778 | D:14     | Found a huge runed gate.
 25779 | D:14     | Found a huge runed gate.
 25782 | D:14     | Found a huge runed gate.
 25784 | D:14     | Found a huge runed gate.
 25785 | D:14     | Found a huge runed gate.
 25787 | D:14     | Found a huge runed gate.
 25787 | D:14     | Found a huge runed gate.
 25792 | D:14     | Found a huge runed gate.
 25792 | D:14     | Found a huge runed gate.
 25792 | D:14     | Found a huge runed gate.
 25792 | D:14     | Found a huge runed gate.
 25793 | D:14     | Found a huge runed gate.
 25794 | D:14     | Found a huge runed gate.
 25795 | D:14     | Found a huge runed gate.
 25803 | D:14     | Found a huge runed gate.
 25803 | D:14     | Found a huge runed gate.
 25803 | D:14     | Found a huge runed gate.
 25803 | D:14     | Found a huge runed gate.
 25942 | D:14     | Found a huge runed gate.
 25943 | D:14     | Found a huge runed gate.
 25943 | D:14     | Found a huge runed gate.
 25944 | D:14     | Found a huge runed gate.
 25944 | D:14     | Found a huge runed gate.
 25950 | D:14     | Found a huge runed gate.
 25950 | D:14     | Found a huge runed gate.
 26280 | D:14     | Found a huge runed gate.
 26280 | D:14     | Found a huge runed gate.
 26281 | D:14     | Found a huge runed gate.
 26282 | D:14     | Found a huge runed gate.
 26283 | D:14     | Found a huge runed gate.
 26284 | D:14     | Found a huge runed gate.
 26391 | D:14     | Reached skill level 22 in Axes
 27058 | D:14     | Noticed a hellephant
 27080 | D:14     | Killed a hellephant
 27287 | D:15     | Entered Level 15 of the Dungeon
 27392 | D:15     | Noticed Rupert
 27477 | D:15     | Killed Rupert
 27804 | D:15     | Noticed a storm dragon
 27812 | D:15     | a storm dragon changed into a dire elephant
 27814 | D:15     | Noticed an emperor scorpion
 27814 | D:15     | a dire elephant changed into an emperor scorpion
 27827 | D:15     | an emperor scorpion changed into a catoblepas
 28771 | D:15     | Found a staircase to the Depths.
 28982 | Orc:1    | Entered Level 1 of the Orcish Mines
 28989 | Orc:1    | Reached XP level 16. HP: 151/151 MP: 16/16
 29130 | Orc:1    | Found Diass's Magic Scroll Shoppe.
 29133 | Orc:1    | Bought a scroll of identify for 26 gold pieces
 29396 | Orc:2    | Entered Level 2 of the Orcish Mines
 29454 | Orc:2    | Found Datoel's Gadget Shoppe.
 29651 | Orc:2    | Found a staircase to the Elven Halls.
 29658 | Orc:2    | Noticed Donald
 29683 | Orc:2    | Killed Donald
 29684 | Orc:2    | Reached skill level 23 in Axes
 29741 | Orc:2    | Found Ehuiq's Weapon Shop.
 29741 | Orc:2    | Found Syowk's Antique Armour Shoppe.
 29742 | Orc:2    | Found Etalao's General Store.
 29742 | Orc:2    | Found Voetwy's Antique Weapon Shop.
 30490 | Orc:2    | Bought a pair of glimmering gloves for 266 gold pieces
 30490 | Orc:2    | Bought a pair of embroidered boots for 210 gold pieces
 30500 | Orc:2    | Identified the +2 pair of gloves "Kiviof" {Dex+3} (You
                  | bought it in a shop on level 2 of the Orcish Mines)
 30564 | Orc:2    | Bought an executioner's axe for 300 gold pieces
 30794 | Elf:1    | Entered Level 1 of the Elven Halls
 30973 | Elf:1    | Reached skill level 10 in Dodging
 30988 | Elf:1    | Reached skill level 1 in Evocations
 31009 | Elf:1    | HP: 7/152 [deep elf archer/arrow (15)]
 31813 | Elf:1    | Reached XP level 17. HP: 66/160 MP: 17/17
 31819 | Elf:1    | Identified the +7 spear of Hard Scrabble {drain, rC+}
 32338 | Elf:1    | Noticed an Executioner
 32352 | Elf:1    | Noticed a Tzitzimitl
 32556 | Elf:1    | Found Jaiq Yti's Antique Weapon Emporium.
 32577 | Elf:1    | Reached skill level 24 in Axes
 32775 | Elf:1    | Found a runed translucent gate.
 32775 | Elf:1    | Found a runed translucent gate.
 32775 | Elf:1    | Found a runed translucent gate.
 32775 | Elf:1    | Found a runed translucent gate.
 32775 | Elf:1    | Found a runed translucent gate.
 32777 | Elf:1    | Found a runed translucent gate.
 32930 | Elf:2    | Found a huge runed gate.
 32930 | Elf:2    | Found a huge runed gate.
 32930 | Elf:2    | Found a huge runed gate.
 32930 | Elf:2    | Found a huge runed gate.
 32930 | Elf:2    | Found a huge runed gate.
 32930 | Elf:2    | Found a huge runed gate.
 32931 | Elf:2    | Found a huge runed gate.
 32931 | Elf:2    | Found a huge runed gate.
 32931 | Elf:2    | Found a huge runed gate.
 32931 | Elf:2    | Found a huge runed gate.
 32931 | Elf:2    | Found a huge runed gate.
 32932 | Elf:2    | Found a huge runed gate.
 32935 | Elf:2    | Found a huge runed gate.
 33140 | Elf:2    | Got a jewelled chain mail
 33151 | Elf:2    | Identified the +0 chain mail "Luse" {rPois rCorr Int-3
                  | Slay+2} (You found it on level 2 of the Elven Halls)
 33206 | Elf:2    | Found a huge runed gate.
 33206 | Elf:2    | Found a huge runed gate.
 33206 | Elf:2    | Found a huge runed gate.
 33210 | Elf:2    | Found a huge runed gate.
 33211 | Elf:2    | Found a huge runed gate.
 33296 | Elf:2    | Found a huge runed translucent gate.
 33296 | Elf:2    | Found a huge runed translucent gate.
 33296 | Elf:2    | Found a huge runed translucent gate.
 33297 | Elf:2    | Found a huge runed translucent gate.
 33300 | Elf:2    | Found a huge runed translucent gate.
 33963 | Elf:2    | Noticed a deep elf blademaster
 34247 | Elf:2    | Noticed a deep elf blademaster
 34248 | Elf:2    | Identified the +7 dagger "Omaboutim" {vorpal, *Contam +Rage
                  | Int+4}
 34248 | Elf:2    | Noticed a deep elf master archer
 34250 | Elf:2    | Noticed a deep elf blademaster
 34255 | Elf:2    | Killed a deep elf master archer
 34256 | Elf:2    | Killed a deep elf blademaster
 34260 | Elf:2    | Killed a deep elf blademaster
 34451 | Elf:2    | Identified Sif Muna's Tome of Cloudy Displacement
 34670 | Elf:2    | Reached skill level 5 in Evocations
 34944 | Elf:2    | Killed a deep elf blademaster
 34945 | Elf:2    | Reached skill level 5 in Throwing
 34945 | Elf:2    | Reached XP level 18. HP: 138/170 MP: 18/18
 35055 | Elf:3    | Entered Level 3 of the Elven Halls
 35104 | Elf:3    | Noticed a Hell Sentinel
 35156 | Elf:3    | Found Downeun's Antique Armour Shop.
 35385 | Elf:3    | Noticed a deep elf blademaster
 35771 | Swamp:1  | HP: 4/170 [four-headed hydra (9)]
 35772 | Swamp:1  | Splashed by a goliath frog's acid

Illustrated notes

Levels and vault maps discovered:
D:1:      amcnicky_arrival_double_pillar, layout_basic, minmay_tetromino_l4
D:2:      layout_loops_ring, nzn_hepliaklqana_mist_gate,
          chequers_ecumenical_altar_twisty, minivault_11, uniq_jessica,
          uniq_terence
D:3:      minmay_skewed_foursquare, layout_loops_cross, lightli_corner_chamber,
          uniq_crazy_yiuf_cottage, uniq_natasha, uniq_grinder, uniq_robin
D:4:      minmay_recursive_quarters, layout_rooms,
          pdpol_wu_jian_five_deadly_venoms, yredelemnul_altar_generic,
          minivault_25, minmay_misc_feat_tower, uniq_menkaure
D:5:      layout_basic, old_standard_altar, doesnt_xom_only_xom, zin_academy,
          nicolae_overflow_crystal_walls, minmay_temple_entry_offerings,
          basic_altar
D:6:      gammafunk_cloud_chamber, layout_loops_cross, basic_altar
D:7:      layout_layer_cave, lemuel_crystal_altar
D:8:      layout_rooms, uniq_grum
D:9:      layout_loops_ring, nicolae_overflow_hidden_temple, basic_altar,
          st_stairs_11, chequers_serial_rivers_large_a
D:10:     layout_stronghold
D:11:     layout_cave_pools, dpeg_lair_monsters, uniq_psyche
D:12:     layout_cave_pods, hiddenorc1_lemuel, serial_park_tiny_1
D:13:     layout_long_grid, skrybe_vaults_entry_preservation
D:14:     layout_grid_maze, special_room [special_room_bee], nrook_mini_vaults,
          not_door_vault_due
D:15:     gammafunk_enter_depths_forms, layout_basic,
          ebering_dispersal_statue_hall, chequers_arboretum, uniq_rupert
Temple:   nicolae_temple_figure_eight
Lair:1:   layout_small_grid, nicolae_volcano_entry_hallway, grunt_megastairs_3
Lair:2:   layout_loops_ring, palyth_hydra_swamp_entry,
          nicolae_spider_entry_orb_guardian, basic_altar, special_room
Lair:3:   layout_roguey, basic_altar, grunt_megastairs_5, lemuel_fruit_fields
Lair:4:   layout_small_grid, patterned_corridor
Lair:5:   layout_roguey, dpeg_slime_entry_enclosed_altar,
          nicolae_quartered_pool_super, serial_bayou_shore_b,
          serial_bayou_shore_b, infiniplex_staircase_pool_2,
          serial_bayou_shore_b
Lair:6:   minmay_lair_end_frog_pond, layout_gridlike, gauntlet_entry_generic,
          minmay_lair_oklob_bushes
Swamp:1:  layout_basic_swamp, hangedman_swamp_ruin_hall, swamp_pool2
Orc:1:    layout_caves, serial_shops, nicolae_shop_behind_doors
Orc:2:    st_orc_ogre_mass, layout_caves, serial_shops, nicolae_shop_trees,
          mines_bat_river, uniq_donald
Elf:1:    hangedman_staggered_hall, layout_loops_cross, serial_shops, shop,
          orc_legates
Elf:2:    layout_loops_ring, door_vault
Elf:3:    elf_hall, layout_loops_cross, serial_shops, shop_fountains,
          shop_statue, shop, shop_statue, guppyfry_elf_garden

Skill      XL: |  1  2  3  4  5  6  7  8  9 10 11 12 13 14 15 16 17 |
---------------+----------------------------------------------------+-----
Throwing       | 2 5 |  5.3
Fighting       | 3 4 6 7 9 11 12 13 14 15 16 17 | 17.4
Axes           | 5 7 9 11 13 16 17 19 20 21 22 23 24 | 24.7
Dodging        | 3 4 5 7 8 9 10 | 10.9
Armour         | 2 4 6 8 10 11 12 13 | 13.4
Evocations     | 2 5 |  5.6

Action                   |  1- 3 |  4- 6 |  7- 9 | 10-12 | 13-15 | 16-18 || total
-------------------------+-------+-------+-------+-------+-------+-------++-------
Melee: War axe           |    65 |   149 |   373 |       |       |       ||   587
       Battleaxe         |       |       |    45 |   624 |  1386 |   302 ||  2357
       Dire flail        |       |       |       |    15 |    47 |       ||    62
       Executioner's axe |       |       |       |       |       |   421 ||   421
       Hand axe          |       |       |       |       |       |     4 ||     4
Throw: Javelin           |       |     5 |     8 |     7 |       |     3 ||    23
       Throwing net      |       |       |     2 |       |       |       ||     2
Invok: Lunge             |       |       |    17 |    37 |    88 |    88 ||   230
       Whirlwind         |       |       |    16 |    80 |   184 |    60 ||   340
       Heavenly Storm    |       |       |       |       |     2 |     3 ||     5
       Serpent's Lash    |       |       |       |       |       |     1 ||     1
Evoke: Wand              |       |       |       |     7 |       |       ||     7
  Use: Scroll            |       |       |       |    16 |    13 |    13 ||    42
       Potion            |       |       |       |     1 |     4 |     7 ||    12
 Stab: Held in net/web   |       |       |     1 |       |       |       ||     1
       Invisible         |       |       |       |     4 |     4 |       ||     8
       Petrified         |       |       |       |     2 |       |       ||     2
Armor: Leather armour    |     3 |       |       |       |       |       ||     3
       Ring mail         |     7 |       |       |    52 |     3 |       ||    62
       Quicksilver drago |    14 |    62 |   192 |   127 |   431 |   176 ||  1002
Dodge: Dodged            |    30 |    99 |   234 |   362 |   892 |   346 ||  1963
